 Dungeon Crawl Stone Soup version 0.29.1-2-gbd0b4ee654 (webtiles) character file.

Game seed: 6319027875966607324

1390 Icepheonix32 the Covert (level 8, -3/54 HPs)
             Began as an Octopode Delver on Nov 18, 2022.
             Slain by a killer bee (9 damage)
             ... on level 5 of the Dungeon.
             The game lasted 00:09:15 (5458 turns).

Icepheonix32 the Covert (Octopode Delver)           Turns: 5458, Time: 00:09:16

Health: -3/54      AC:  1    Str: 11    XL:     8   Next: 68%
Magic:  8/8        EV: 19    Int: 13    God:
Gold:   269        SH:  0    Dex: 15    Spells: 7/7 levels left

rFire   . . .      SeeInvis .   w - +5 scythe (freeze)
rCold   + . .      Faith    .   (shield currently unavailable)
rNeg    . . .      Spirit   .   (helmet restricted)
rPois   .          Reflect  .   (no amulet)
rElec   .          Harm     .   p - ring of protection from cold
rCorr   .          Rampage  .   t - +4 ring of evasion
Will    .....                   (no ring)
Stlth   ++++++....              (no ring)
HPRegen 0.18/turn               (no ring)
MPRegen 0.11/turn               (no ring)
                                (no ring)
                                (no ring)

@: no status effects
A: almost no armour, amphibious, 8 rings, camouflage 1, gelatinous body 1,
(nimble swimmer 1), tentacles
a: no special abilities


You were on level 5 of the Dungeon.
You visited 1 branch of the dungeon, and saw 6 of its levels.

You collected 269 gold pieces.

Inventory:

Hand Weapons
 a - a +0 short sword
 w - a +5 scythe of freezing (weapon)
Magical Staves
 g - a staff of fire
Jewellery
 p - a ring of protection from cold (left tentacle)
 t - a +4 ring of evasion (right tentacle)
Wands
 f - a wand of digging (3)
 l - a wand of acid (6)
 o - a wand of roots (10)
Scrolls
 b - a scroll of fog
 c - 3 scrolls of magic mapping
 d - a scroll of fear
 h - a scroll of poison
 j - a scroll of vulnerability {unknown}
 q - 2 scrolls of noise {unknown}
 u - 3 scrolls of teleportation {unknown}
 y - a scroll of butterflies
 A - a scroll of enchant armour {unknown}
 B - 3 scrolls of identify {unknown}
 C - a scroll of silence
Potions
 e - 2 potions of berserk rage
 k - a potion of heal wounds
 m - 2 potions of degeneration {unknown}
 r - 2 potions of lignification {unknown}
 s - a potion of might {unknown}
 v - a potion of attraction
 x - a potion of brilliance {unknown}
 z - 2 potions of curing {unknown}


   Skills:
 + Level 4.6 Fighting
 - Level 2.2 Short Blades
 + Level 4.4 Polearms
 * Level 5.1 Dodging
 + Level 11.8 Stealth


You had 7 spell levels left.
You didn't know any spells.
Your spell library was empty.

Dungeon Overview and Level Annotations

Branches:
Dungeon (6/15)
 Temple: D:4-7

Altars:
Ashenzari
Elyvilon
Kikubaaqudgha
Okawaru
Vehumet
Wu Jian

Shops:
D:3 ==(


Innate Abilities, Weirdness & Mutations

You cannot wear most types of armour.
You are amphibious.
You can wear up to eight rings at the same time.
Your skin changes colour to match your surroundings (Stealth+).
Your rubbery body absorbs attacks. (AC +1, EV +1)
((You are camouflaged when in or above water. (Stealth+)))
You have tentacles for arms and can constrict up to eight enemies at once.


Message History

The killer bee stings you!
* * * LOW HITPOINT WARNING * * *
There is a stone staircase leading up here.
The killer bee completely misses you. The hound closely misses you.
The killer bee completely misses you. The hound misses you.
You climb upwards.
There is a stone staircase leading down here.
Unknown command.
You barely miss the hound. You grab the hound. You squeeze the hound.
The hound is moderately wounded.
You constrict the hound, but do no damage.
The killer bee completely misses you. x2; The hound barely misses you.
The killer bee barely misses you.
You miss the killer bee. Your grab misses the killer bee.
Your squeeze misses the killer bee. You constrict the hound.
The killer bee closely misses you. The hound closely misses you.
The killer bee stings you.
* * * LOW HITPOINT WARNING * * *
The hound closely misses you.
The killer bee stings you but does no damage.
You hit the killer bee but do no damage.
Your grab misses the killer bee. Your squeeze misses the killer bee.
You constrict the hound, but do no damage.
The hound misses you. The killer bee barely misses you. The hound misses you.
The killer bee closely misses you.
Unknown command.
You miss the killer bee. Your grab misses the killer bee.
Your squeeze misses the killer bee. You constrict the hound.
The killer bee closely misses you. The hound closely misses you.
The killer bee barely misses you. The hound bites you.
* * * LOW HITPOINT WARNING * * *
The killer bee barely misses you.
Unknown command.
You hit the killer bee. You freeze the killer bee.
Your grab misses the killer bee.
The killer bee is heavily wounded.
You constrict the hound.
You kill the hound!
The killer bee stings you!
You die...

............#....'..#......#
............#....#..#......#
##...########...######.##..#
##...###...##...#########..#
.......#...#.......)....#..#
.......#...#..)....#.......#
####..##...###########.....#
####..##...##..†####..######
......#.........@#.....#
......#.........y'.....#
##########'###..##....##
##########.############
#............#
'............#
######..##..#########
##.#######..##..##..##
.....................#


You could see a killer bee.

Vanquished Creatures
  A hornet (D:5)
  Sigmund (D:2)
  A water moccasin (D:5)
  An ice beast (D:5)
  3 ogres
  A necrophage (D:3)
  2 scorpions (D:5)
  5 hounds
  An orc priest (D:4)
  Jessica (D:3)
  2 iguanas
  Robin (D:2)
  8 adders
  3 worms (D:3)
  A dart slug (D:1)
  5 orcs
  6 ball pythons
  4 endoplasms
  2 giant cockroaches
  16 goblins
  11 hobgoblins
  3 jackals (D:4)
  4 quokkas
  8 bats
  5 kobolds
  8 rats
104 creatures vanquished.

Notes
Turn   | Place    | Note
-------+----------+-------------------------------------------
     0 | D:5      | Icepheonix32 the Octopode Delver began the quest for the
                  | Orb.
     0 | D:5      | Reached XP level 1. HP: 16/16 MP: 1/1
    69 | D:5      | Noticed an iguana
    71 | D:5      | Noticed a scorpion
    76 | D:5      | Killed an iguana
    77 | D:5      | Reached skill level 7 in Stealth
    77 | D:5      | Reached XP level 2. HP: 15/21 MP: 2/2
    77 | D:5      | Reached XP level 3. HP: 19/26 MP: 3/3
    85 | D:5      | Killed a scorpion
    86 | D:5      | Reached skill level 8 in Stealth
    86 | D:5      | Reached XP level 4. HP: 15/31 MP: 4/4
   116 | D:5      | Noticed an ice beast
   460 | D:4      | Found a white marble altar of Elyvilon.
   460 | D:4      | Found a radiant altar of Vehumet.
   467 | D:4      | Found an ornate altar of the Wu Jian Council.
   470 | D:4      | Found a broken altar of Ashenzari.
   474 | D:4      | Found an ancient bone altar of Kikubaaqudgha.
   478 | D:4      | Found an iron altar of Okawaru.
   638 | D:4      | Noticed an ogre
   649 | D:4      | Killed an ogre
   650 | D:4      | Reached skill level 9 in Stealth
   650 | D:4      | Reached XP level 5. HP: 36/36 MP: 5/5
   848 | D:3      | Noticed Jessica
   850 | D:3      | Killed Jessica
   904 | D:3      | Reached XP level 6. HP: 43/43 MP: 6/6
   910 | D:3      | Found Bioran's Antique Weapon Boutique.
  1139 | D:3      | Found Ejimiuny's Jewellery Shop.
  1146 | D:3      | Found Saluigg's Jewellery Emporium.
  1930 | D:2      | Noticed Robin
  1938 | D:2      | Reached skill level 10 in Stealth
  2485 | D:1      | Found a faded altar of an unknown god.
  3140 | D:2      | Noticed Sigmund
  3153 | D:2      | HP: 2/64 [something (3)]
  3154 | D:2      | Killed Sigmund
  3155 | D:2      | Reached XP level 7. HP: 2/48 MP: 7/7
  3267 | D:2      | Killed Robin
  4137 | D:4      | HP: 2/48 [orc/+0 short sword (3)]
  4919 | D:5      | Reached skill level 1 in Polearms
  4919 | D:5      | Reached skill level 11 in Stealth
  5011 | D:5      | Reached XP level 8. HP: 54/54 MP: 8/8
  5165 | D:5      | Noticed a hornet
  5175 | D:5      | Killed a hornet
  5414 | D:6      | Reached skill level 5 in Dodging
  5458 | D:5      | Slain by a killer bee

Illustrated notes

Levels and vault maps discovered:
D:1:      dpeg_arrival_round_b, layout_loops_cross,
          shapermc_ecumenical_altar_mp_ritualfount, serial_rivers,
          chequers_serial_rivers_room_b, chequers_serial_rivers_marsh,
          chequers_serial_rivers_room_b, chequers_serial_rivers_room_b,
          minmay_misc_feat_nine_boxes, hangedman_decor_clover_reticule
D:2:      minmay_door_path, layout_basic, minmay_stone_trees_small, st_stairs_7,
          uniq_sigmund, uniq_robin
D:3:      layout_loops_ring, serial_shops, shop, shop, shop,
          minmay_misc_feat_doors, nrook_mini_backslash, uniq_jessica
D:4:      layout_basic, nicolae_overflow_hallway_of_the_gods
D:5:      layout_gridville, kennysheep_generic_room_3
D:6:      layout_cave_pools, nicolae_overflow_crystal_walls,
          nicolae_overflow_two_pavilions, temple_hall, serial_shops, shop,
          uniq_pikel

Skill      XL: |  1  2  3  4  5  6  7  8 |
---------------+-------------------------+-----
Stealth        | 7 8 9 10 11 | 11.8
Dodging        | 3 4 5 |  5.1
Fighting       | 4 |  4.6
Polearms       | 2 4 |  4.4
Short Blades   | |  2.2

Action                   |  1- 3 |  4- 6 |  7- 9 || total
-------------------------+-------+-------+-------++-------
Melee: Short sword       |    13 |   116 |       ||   129
       Constrict         |     2 |    18 |    16 ||    36
       Tentacles         |     2 |    16 |     9 ||    27
       Punch             |       |     3 |     4 ||     7
       Halberd           |       |       |    89 ||    89
  Use: Potion            |     1 |     2 |     4 ||     7
       Scroll            |       |     2 |     5 ||     7
 Stab: Sleeping          |     1 |    35 |    12 ||    48
       Distracted        |       |     1 |     1 ||     2
Armor: Skin              |     1 |     3 |     6 ||    10
Dodge: Dodged            |     7 |    71 |   111 ||   189
